 Dungeon Crawl Stone Soup version 0.24.0-28-g17ded55e90 (webtiles) character file.

Game seed: 8344670052662004443, levelgen mode: deterministic

93359 McKennaii the Severer (level 15, -5/103 HPs)
             Began as a Demonspawn Fighter on Nov 12, 2019.
             Was the Champion of Makhleb.
             Slain by an orc knight
             ... wielding a +0 glaive
              (23 damage)
             ... on level 2 of the Orcish Mines.
             The game lasted 01:14:07 (20495 turns).

McKennaii the Severer (Demonspawn Fighter)         Turns: 20495, Time: 01:14:07

Health: -5/103     AC: 14    Str: 34    XL:     15   Next: 60%
Magic:  0/23       EV: 11    Int: 11    God:    Makhleb [******]
Gold:   1434       SH:  0    Dex: 14    Spells: 14/14 levels left

rFire    x . .     SeeInvis +   P - +8 frozen axe "Frostbite" {freezing cloud, *Noise +Fly rC+}
rCold    + + +     Gourm    .   (shield currently unavailable)
rNeg     + . .     Faith    .   b - +1 chain mail "Toiqaorph" {rC+ Slay+3 SInv}
rPois    +         Spirit   +   M - +0 helmet of Loluk {Str+4}
rElec    .         Reflect  .   m - +0 cloak "Lyep" {rPois rF- rN+ Slay+3}
rCorr    .         Harm     .   (no gloves)
MR       ++...                  K - +2 pair of boots
Stlth    ..........             R - amulet of guardian spirit
HPRegen  2.27/turn              k - ring "Nebic" {rPois rC+ MR+}
MPRegen  0.18/turn              O - +5 ring of strength

@: mighty
A: claws 2, blurry vision 1, deformed body, frail 1, powered by death 1, powered
by pain 2
a: Minor Destruction, Lesser Servant of Makhleb, Major Destruction, Greater
Servant of Makhleb, Renounce Religion, Evoke Flight


You were on level 2 of the Orcish Mines.
You worshipped Makhleb.
Makhleb was exalted by your worship.
You were not hungry.

You visited 4 branches of the dungeon, and saw 24 of its levels.
You also visited: Gauntlet and Ice Cave.

You collected 2012 gold pieces.
You spent 578 gold pieces at shops.

Inventory:

Hand Weapons
 P - the +8 frozen axe "Frostbite" (weapon) {freezing cloud, *Noise +Fly rC+}
   (You took it off a minotaur in a Gauntlet)

   It has been specially enchanted to freeze those struck by it, causing extra
   injury to most foes and up to half again as much damage against particularly
   susceptible opponents.
   It can also slow down cold-blooded creatures.
   It protects you from cold.
   It lets you fly.
   It may make noises in combat.
Armour
 b - the +1 chain mail "Toiqaorph" (worn) {rC+ Slay+3 SInv}
   (You found it on level 9 of the Dungeon)

   It affects your accuracy and damage with ranged weapons and melee attacks
   (+3).
   It protects you from cold.
   It lets you see invisible.
 m - the +0 cloak "Lyep" (worn) {rPois rF- rN+ Slay+3}
   (You found it in a Gauntlet)

   It affects your accuracy and damage with ranged weapons and melee attacks
   (+3).
   It makes you vulnerable to fire.
   It protects you from poison.
   It protects you from negative energy.
 K - a +2 pair of boots (worn)
 M - the +0 helmet of Loluk (worn) {Str+4}
   (You found it in a Gauntlet)

   It affects your strength (+4).
 W - a +0 large shield of cold resistance
 Y - a cursed -1 plate armour
Jewellery
 k - the ring "Nebic" (left claw) {rPois rC+ MR+}
   (You found it on level 2 of the Lair of Beasts)

   [ring of protection from cold]

   It protects you from cold.
   It protects you from poison.
   It affects your resistance to hostile enchantments.
 F - an uncursed ring of see invisible
 O - a +5 ring of strength (right claw)
 R - an amulet of guardian spirit (around neck)
Wands
 c - a wand of random effects (42)
 y - a wand of flame (33)
 z - a wand of polymorph (16)
 Q - a wand of scattershot (8)
 T - a wand of acid (26)
 U - a wand of digging (10)
Scrolls
 a - 6 scrolls of enchant armour
 j - 5 scrolls of teleportation
 o - 6 scrolls of magic mapping
 s - a scroll of brand weapon
 w - 4 scrolls of remove curse
 x - 6 scrolls of enchant weapon {unknown}
 B - 2 scrolls of fear
 G - 3 scrolls of vulnerability {unknown}
 H - a scroll of identify
 I - 2 scrolls of random uselessness {unknown}
 J - 6 scrolls of blinking
 L - 3 scrolls of amnesia {unknown}
 N - 3 scrolls of fog {unknown}
 S - a scroll of summoning
 Z - a scroll of holy word {unknown}
Potions
 d - 9 potions of might
 e - 4 potions of ambrosia
 h - 5 potions of haste
 i - 14 potions of curing
 l - 2 potions of mutation {unknown}
 n - 4 potions of cancellation
 p - 2 potions of magic {unknown}
 q - 5 potions of brilliance
 r - 3 potions of degeneration {unknown}
 t - a potion of agility {unknown}
 u - 5 potions of resistance {unknown}
 v - a potion of invisibility
 A - 6 potions of lignification
 C - 2 potions of heal wounds
 D - 5 potions of berserk rage
 V - 3 potions of flight
Miscellaneous
 X - 2 sacks of spiders
Comestibles
 f - 52 rations


   Skills:
 + Level 10.1 Fighting
 * Level 18.5(18.7) Axes
   Level 5.7(13.5) Polearms
 + Level 9.2 Armour
 + Level 3.5 Dodging
 + Level 1.8 Stealth
 + Level 6.4 Shields
 * Level 11.4 Invocations
 + Level 3.4 Evocations


You had 14 spell levels left.
You didn't know any spells.
Your spell library contained the following spells:

 Spells                   Type           Power        Failure   Level  Hunger
 Corona                   Hex            #......      77%         1    ##.....
 Sandblast                Erth           #.....       77%         1    ##.....
 Shock                    Conj/Air       #...         77%         1    ##.....
 Passwall                 Tmut/Erth      #.......     88%         2    ###....
 Slow                     Hex            #.......     88%         2    ###....
 Swiftness                Chrm/Air       #.......     88%         2    ###....
 Inner Flame              Hex/Fire       #.......     98%         3    ####...
 Portal Projectile        Hex/Tloc       #.....       98%         3    ####...
 Static Discharge         Conj/Air       #.......     98%         3    ####...
 Stone Arrow              Conj/Erth      #.....       98%         3    ####...
 Airstrike                Air            #.........   100%        4    #####..
 Cause Fear               Hex            #.........   100%        4    #####..
 Leda's Liquefaction      Hex/Erth       #.........   100%        4    #####..
 Petrify                  Tmut/Erth      #.......     100%        4    #####..
 Blade Hands              Tmut           #.........   100%        5    ######.
 Lee's Rapid Deconstruct  Erth           #.........   100%        5    ######.
 Lightning Bolt           Conj/Air       #.........   100%        5    ######.
 Hydra Form               Tmut           #.........   100%        6    #######


Dungeon Overview and Level Annotations

Branches:
Dungeon (15/15)            Temple (1/1) D:6            Lair (6/6) D:10
 Shoals (0/4) Lair:4       Spider (0/4) Lair:2        Slime (0/5) Lair:5
    Orc (1/2) D:11            Elf (0/3) Orc:2        Vaults (0/5) D:14
 Depths (0/5) D:15          IceCv (visited)         Gauntlet (visited)

Altars:
Ashenzari
Cheibriados
Dithmenos
Elyvilon
Fedhas
Gozag
Hepliaklqana
Kikubaaqudgha
Makhleb
Nemelex Xobeh
Okawaru
Qazlal
Ru
Sif Muna
Trog
Uskayaw
Vehumet
Wu Jian
Xom
Yredelemnul
Zin
The Shining One
Jiyva

Shops:
D:6 %   D:9 *:   D:13 !

Portals:
Trove: D:10 (give 9 potions of haste)

Annotations:
Lair:2 3 runed translucent doors, Ge0ff's ghost, journeyman BaAM


Innate Abilities, Weirdness & Mutations

You have very sharp fingernails.
You regenerate a little health from kills.
You sometimes gain power by taking damage.
Scrolls take you a little longer to read.
Armour fits poorly on your strangely shaped body.
You are frail. (-10% HP)


Message History

[Y]es or [N]o only, please.
Really read with blurry vision while enemies are nearby?
Okay, then.
Unknown command.
You slice the orc warlord!! You freeze the orc warlord!
The orc warlord is moderately wounded.
The orc knight hits you from afar with a +0 glaive!
* * * LOW HITPOINT WARNING * * *
The orc warlord is engulfed in freezing vapours.
The orc warlord hits you but does no damage.
The orc warrior hits you from afar with a +0 trident!!
* * * LOW HITPOINT WARNING * * *
The orc warrior completely misses you.
Unknown command.
You feel much better.
The orc warlord is engulfed in freezing vapours.
The orc warlord hits you with a cursed -2 dire flail!
* * * LOW HITPOINT WARNING * * *
The orc knight hits you from afar with a +0 glaive!!
You die...

....$.#.$....#
..............#
..............##
#..............#
.#............##
...............#
...............##
......○.........#
.P....o@).......##
.....o))..#.#....#
P....oo....#....##
..P..............#
............#....#
.................##
P..................#
...................##
..#................#


You could see an orc warlord, an orc knight and 2 orc warriors.

Vanquished Creatures
  An orc warlord (Orc:1)
  A white draconian (IceCv)
  A minotaur (Gauntlet)
  A death ooze (Gauntlet)
  Snorg (Lair:4)
  Harold (Orc:1)
  5 vault guards (D:14)
  8 hydras
  Erica (D:10)
  A catoblepas (Lair:5)
  A centaur warrior (D:14)
  A death knight (D:13)
  6 two-headed ogres
  An orc high priest (Orc:2)
  2 wizards
  2 unseen horrors (shapeshifter)
  An unseen horror (D:10)
  A necromancer (D:15)
  15 ugly things (D:14)
  2 cyclopes (D:14)
  A faun (shapeshifter) (Gauntlet)
  An orc sorcerer (Orc:2)
  A merfolk siren (Lair:4)
  A manticore (D:15)
  Joseph (D:7)
  Maurice (Orc:2)
  4 elephants (Lair:5)
  A centaur zombie (D:15)
  6 black mambas
  An ice statue (IceCv)
  A torpor snail (Lair:6)
  2 gargoyles
  13 spiny frogs
  2 rime drakes
  4 komodo dragons
  A spiny frog (shapeshifter) (D:14)
  A yaktaur (D:14)
  A tengu conjurer (D:14)
  7 trolls
  An efreet (D:14)
  A demonic crawler (Lair:2)
  16 polar bears
  A queen bee (D:11)
  6 hornets
  Prince Ribbit (D:5)
  A harpy zombie (D:14)
  A slime creature (D:8)
  18 blink frogs
  8 dream sheep (Lair:6)
  12 hippogriffs
  Sigmund (D:5)
  A centaur simulacrum (D:15)
  2 redbacks (Lair:2)
  A ynoxinul (Gauntlet)
  2 water elementals (D:15)
  4 vampires
  2 shadows
  11 spriggans (Lair:6)
  4 fire elementals (D:12)
  A hog (shapeshifter) (Gauntlet)
  42 yaks
  A human (D:14)
  2 basilisks
  A steam dragon (Lair:4)
  4 vampire mosquitoes (D:14)
  4 hungry ghosts
  A redback simulacrum (D:15)
  Menkaure (D:6)
  4 swamp worms (Lair:2)
  6 wargs
  2 acid dragons
  Edmund (D:6)
  14 water moccasins
  2 hell hounds (D:11)
  8 porcupines
  14 orc warriors
  13 ice beasts
  A sky beast (D:12)
  4 black bears (Lair:6)
  A necrophage (D:10)
  2 phantoms
  4 boggarts (Lair:6)
  A boggart (shapeshifter) (D:14)
  2 eyes of draining
  9 centaurs
  39 wolves
  5 ogres
  16 crocodiles
  Blork the orc (D:4)
  16 bullfrogs
  A water moccasin zombie (D:8)
  2 hornet simulacra (D:15)
  2 scorpions
  A water moccasin skeleton (D:6)
  33 killer bees
  4 wights (D:13)
  3 electric eels
  3 howler monkeys
  12 crimson imps
  2 bullfrog zombies
  A hound (shapeshifter) (Gauntlet)
  A quasit (D:8)
  8 jellies
  A wyvern simulacrum (D:15)
  5 hounds
  Crazy Yiuf (D:6)
  2 bullfrog skeletons
  4 centaur skeletons
  11 orc priests
  Ijyb (D:3)
  3 iron imps (Gauntlet)
  5 iguanas
  22 orc wizards
  8 worker ants
  A howler monkey zombie (D:8)
  4 gnolls (D:4)
  A howler monkey skeleton (D:4)
  11 adders
  6 shadow imps
  A white imp (D:15)
  An ufetubus (D:15)
  3 oozes
  An adder zombie (D:9)
  2 adder skeletons (D:9)
  2 dart slugs
  4 worms
  5 leopard geckos
  83 orcs
  8 bats
  3 giant cockroaches
  8 goblins
  9 hobgoblins
  12 jackals
  A kobold (D:3)
  7 quokkas
  3 ball pythons
  4 frilled lizards
  A giant cockroach zombie (D:4)
  2 jackal skeletons
  A leopard gecko zombie (D:7)
  5 rats
  6 fungi
  15 plants
765 creatures vanquished.

Vanquished Creatures (collateral kills)
  Louise (D:15)
  Azrael (D:12)
  Erolcha (Orc:1)
  4 wizards (D:15)
  3 ugly things (D:15)
  3 slime creatures (Gauntlet)
  A rust devil (Gauntlet)
  A redback simulacrum (D:15)
  A warg (Orc:1)
  An ogre (Orc:1)
  A wolf (D:15)
  A killer bee (D:12)
  An orc wizard (Orc:1)
  An iron imp (Gauntlet)
  7 orcs (Orc:1)
28 creatures vanquished.

Vanquished Creatures (others)
  A crocodile (D:12)
  11 fungi
  14 plants
26 creatures vanquished.

Grand Total: 819 creatures vanquished

Notes
Turn   | Place    | Note
-------+----------+-------------------------------------------
     0 | D:1      | McKennaii the Demonspawn Fighter began the quest for the
                  | Orb.
     0 | D:1      | Reached XP level 1. HP: 18/18 MP: 1/1
   114 | D:1      | Gained mutation: You regenerate a little health from kills.
                  | [demonic ancestry]
   114 | D:1      | Reached XP level 2. HP: 20/24 MP: 2/2
   378 | D:1      | Reached skill level 2 in Axes
   584 | D:2      | Reached XP level 3. HP: 24/29 MP: 3/3
   704 | D:2      | Found a blossoming altar of Fedhas.
   776 | D:2      | Found a shattered altar of Ashenzari.
  1094 | D:2      | Reached XP level 4. HP: 31/35 MP: 4/4
  1364 | D:3      | Noticed Ijyb
  1659 | D:3      | HP: 1/35 [acid (17)]
  1660 | D:3      | Killed Ijyb
  1660 | D:3      | Reached skill level 3 in Axes
  1748 | D:3      | Reached XP level 5. HP: 17/42 MP: 5/5
  1794 | D:2      | Found an ancient bone altar of Kikubaaqudgha.
  1797 | D:2      | Found a shimmering altar of Xom.
  2013 | D:3      | Reached skill level 4 in Axes
  2163 | D:3      | Found a white marble altar of Elyvilon.
  2253 | D:4      | Gained mutation: You sometimes gain a little power by
                  | taking damage. [demonic ancestry]
  2253 | D:4      | Reached XP level 6. HP: 26/48 MP: 6/6
  2486 | D:4      | Found a shimmering altar of Xom.
  2521 | D:4      | Reached skill level 5 in Axes
  2566 | D:4      | Noticed Blork the orc
  2580 | D:4      | Killed Blork the orc
  2580 | D:4      | Reached XP level 7. HP: 54/54 MP: 7/7
  2759 | D:4      | Found a sparkling altar of Nemelex Xobeh.
  2759 | D:4      | Found an opulent altar of Gozag.
  2952 | D:5      | Entered Level 5 of the Dungeon
  2965 | D:5      | Reached skill level 6 in Axes
  3097 | D:5      | Reached skill level 1 in Dodging
  3123 | D:5      | Noticed Sigmund
  3127 | D:5      | Killed Sigmund
  3127 | D:5      | Reached skill level 7 in Axes
  3127 | D:5      | Gained mutation: You sometimes gain power by taking damage.
                  | [demonic ancestry]
  3127 | D:5      | Reached XP level 8. HP: 61/61 MP: 8/8
  3314 | D:5      | Noticed Prince Ribbit
  3327 | D:5      | Killed Prince Ribbit
  3710 | D:6      | Reached skill level 8 in Axes
  3770 | D:6      | Found Ykhluic's Food Shop.
  3840 | D:6      | Found a staircase to the Ecumenical Temple.
  3895 | Temple   | Entered the Ecumenical Temple
  4137 | Temple   | Became a worshipper of Makhleb the Destroyer
  4185 | D:6      | Reached skill level 5 in Fighting
  4323 | D:6      | Identified the Compendium of Transmigration and the
                  | Mountains
  4363 | D:6      | Found a stormy altar of Qazlal.
  4386 | D:6      | Noticed Edmund
  4395 | D:6      | Killed Edmund
  4423 | D:6      | Found a runed translucent door.
  4424 | D:6      | Noticed Crazy Yiuf
  4498 | D:6      | Noticed Menkaure
  4502 | D:6      | Killed Menkaure
  4502 | D:6      | Gained mutation: You have sharp fingernails. [demonic
                  | ancestry]
  4502 | D:6      | Reached XP level 9. HP: 51/68 MP: 9/9
  4574 | D:6      | Reached skill level 9 in Axes
  4689 | D:6      | Killed Crazy Yiuf
  4766 | D:7      | Reached * piety under Makhleb
  4826 | D:7      | Noticed Joseph
  5250 | D:7      | Noticed an angel
  5251 | D:7      | Found a glowing silver altar of Zin.
  5297 | D:7      | Killed Joseph
  5350 | D:8      | Reached skill level 10 in Axes
  5713 | D:8      | Noticed a troll
  5735 | D:8      | Killed a troll
  6000 | D:8      | Noticed a troll
  6010 | D:8      | Killed a troll
  6021 | D:8      | Reached skill level 5 in Armour
  6021 | D:8      | Reached XP level 10. HP: 24/76 MP: 10/10
  6166 | D:8      | Noticed a two-headed ogre
  6175 | D:8      | Killed a two-headed ogre
  6175 | D:8      | Reached ** piety under Makhleb
  6175 | D:8      | Reached skill level 11 in Axes
  6177 | D:8      | Identified the +8 chain mail of Joy {+Inv Int+7}
  6180 | D:8      | Reached skill level 5 in Shields
  6757 | D:9      | Found Faodil's General Store.
  6760 | D:9      | Got a sapphire-encrusted chain mail
  6766 | D:9      | Bought 2 potions of curing for 84 gold pieces
  6766 | D:9      | Bought a scroll of fear for 49 gold pieces
  6766 | D:9      | Bought a scroll of blinking for 105 gold pieces
  6766 | D:9      | Bought a scroll of remove curse for 42 gold pieces
  6766 | D:9      | Bought a scroll of identify for 28 gold pieces
  6777 | D:9      | Identified the cursed +1 chain mail "Toiqaorph" {rC+ Slay+3
                  | SInv} (You found it on level 9 of the Dungeon)
  6799 | D:9      | Found Niorphon's Book Shoppe.
  6884 | D:9      | Noticed a two-headed ogre
  6892 | D:9      | Killed a two-headed ogre
  7233 | D:9      | Found a shimmering blue altar of Sif Muna.
  7665 | D:10     | Entered Level 10 of the Dungeon
  7676 | D:10     | Reached skill level 12 in Axes
  7688 | D:10     | Reached skill level 1 in Evocations
  7709 | D:10     | Noticed an unseen horror
  7726 | D:10     | Killed an unseen horror
  7726 | D:10     | Reached skill level 1 in Invocations
  7774 | D:10     | Found a portal to a secret trove of treasure.
  7843 | D:10     | Reached *** piety under Makhleb
  7908 | D:10     | Noticed Erica
  7917 | D:10     | Killed Erica
  7917 | D:10     | Reached XP level 11. HP: 83/83 MP: 12/12
  8129 | D:10     | Found a staircase to the Lair.
  8279 | D:10     | Noticed a two-headed ogre
  8282 | D:10     | Killed a two-headed ogre
  8450 | Lair:1   | Entered Level 1 of the Lair of Beasts
  8975 | Lair:1   | Reached skill level 13 in Axes
  8990 | Lair:1   | Noticed a seven-headed hydra
  8998 | Lair:1   | Killed an eight-headed hydra
  9634 | Lair:1   | Reached skill level 1 in Stealth
  9635 | Lair:1   | Reached skill level 5 in Invocations
  9638 | Lair:1   | Reached **** piety under Makhleb
  9731 | Lair:1   | Got an iridescent rapier
  9732 | Lair:1   | Identified the +4 rapier of Quimuq Uhoo {pain, rElec rPois
                  | rN++ MR-} (You found it on level 1 of the Lair of Beasts)
 10250 | Lair:2   | Gained mutation: You have very sharp fingernails. [demonic
                  | ancestry]
 10250 | Lair:2   | Reached XP level 12. HP: 33/91 MP: 2/16
 10266 | Lair:2   | Found a gate leading to a gauntlet.
 10275 | Gauntlet | Entered a Gauntlet
 10275 | Gauntlet | Found a transporter.
 10275 | Gauntlet | Found a transporter.
 10294 | Gauntlet | Found a transporter.
 10296 | Gauntlet | Found a transporter.
 10311 | Gauntlet | Noticed a reaper
 10316 | Gauntlet | Found a transporter.
 10318 | Gauntlet | Found a transporter.
 10330 | Gauntlet | Noticed a hell hog
 10333 | Gauntlet | Found a transporter.
 10349 | Gauntlet | Noticed a death ooze
 10353 | Gauntlet | Found a transporter.
 10358 | Gauntlet | Found a transporter.
 10362 | Gauntlet | Found a transporter.
 10372 | Gauntlet | Found a transporter.
 10376 | Gauntlet | Found a transporter.
 10766 | Gauntlet | Got a brightly glowing helmet
 10811 | Gauntlet | Killed a death ooze
 10861 | Gauntlet | Got a bloodstained cloak
 11079 | Gauntlet | Identified the +0 helmet of Loluk {Str+4} (You found it in
                  | a Gauntlet)
 11090 | Gauntlet | Identified the +0 cloak "Lyep" {rPois rF- rN+ Slay+3} (You
                  | found it in a Gauntlet)
 11122 | Gauntlet | Identified the ring of Gexailowk {Ice *Corrode +Fly rPois
                  | SInv}
 11122 | Gauntlet | Noticed a minotaur
 11130 | Gauntlet | Killed a minotaur
 11130 | Gauntlet | Reached skill level 14 in Axes
 11140 | Gauntlet | Found the +11 plutonium sword {*Contam Stlth-}
 11166 | Lair:2   | Found a runed translucent gate.
 11166 | Lair:2   | Found a runed translucent gate.
 11167 | Lair:2   | Found a runed translucent gate.
 11168 | Lair:2   | Noticed Ge0ff's ghost (journeyman BaAM)
 11170 | Lair:2   | Found a viscous altar of Jiyva.
 11363 | Lair:2   | Found a hole to the Spider Nest.
 11613 | Lair:2   | Got a transparent platinum ring
 11615 | Lair:2   | Identified the ring "Nebic" {rPois rC+ MR+} (You found it
                  | on level 2 of the Lair of Beasts)
 12226 | Lair:3   | Noticed a four-headed hydra
 12231 | Lair:3   | Killed a six-headed hydra
 12672 | Lair:3   | Reached ***** piety under Makhleb
 12989 | Lair:4   | Noticed an eight-headed hydra
 12993 | Lair:4   | Killed a nine-headed hydra
 12993 | Lair:4   | Reached skill level 15 in Axes
 13014 | Lair:4   | Noticed Snorg
 13021 | Lair:4   | Killed Snorg
 13021 | Lair:4   | Reached XP level 13. HP: 98/98 MP: 18/18
 13365 | Lair:4   | Found a staircase to the Shoals.
 13781 | Lair:5   | Identified the +6 quarterstaff of the Mushroom {flame, MP+9
                  | SInv} (You found it on level 5 of the Lair of Beasts)
 13796 | Lair:5   | Reached skill level 1 in Polearms
 13857 | Lair:5   | Found a staircase to the Slime Pits.
 14287 | Lair:6   | Entered Level 6 of the Lair of Beasts
 14296 | Lair:6   | Reached skill level 16 in Axes
 14502 | Lair:6   | Reached ****** piety under Makhleb
 14520 | Lair:6   | Paralysed by a hornet for 2 turns
 14771 | Lair:6   | Reached XP level 14. HP: 106/106 MP: 20/20
 15594 | D:11     | Found a staircase to the Orcish Mines.
 15616 | D:11     | Reached skill level 17 in Axes
 15890 | D:12     | Noticed Azrael
 15996 | D:12     | Found a frozen archway.
 16018 | IceCv    | Entered an ice cave
 16034 | IceCv    | Reached skill level 10 in Invocations
 16494 | IceCv    | Got an iridescent battleaxe
 16768 | D:13     | Found Gebboj's Distillery.
 16777 | D:13     | Bought a potion of curing for 45 gold pieces
 16777 | D:13     | Bought a potion of heal wounds for 75 gold pieces
 16777 | D:13     | Bought a potion of flight for 45 gold pieces
 16777 | D:13     | Bought a potion of brilliance for 60 gold pieces
 16777 | D:13     | Bought a potion of lignification for 45 gold pieces
 17412 | D:13     | Got a faintly glowing war axe
 17533 | D:13     | Identified the cursed +0 war axe of the Lurker {chop, Str+4
                  | Dex+7} (You found it on level 13 of the Dungeon)
 17925 | D:14     | Reached XP level 15. HP: 90/115 MP: 18/23
 17950 | D:14     | Found a gate to the Vaults.
 18163 | D:14     | Identified the cursed +3 battleaxe of Painful Death {vamp,
                  | rC- MR+ Str+3} (You found it in an ice cave)
 18333 | D:15     | Entered Level 15 of the Dungeon
 18451 | D:15     | Reached skill level 18 in Axes
 18548 | D:15     | Noticed Louise
 18590 | D:15     | Killed Louise
 18590 | D:15     | Reached skill level 5 in Polearms
 18678 | D:15     | Reached skill level 10 in Fighting
 18704 | D:15     | Found a staircase to the Depths.
 19429 | D:12     | Killed Azrael
 20041 | Orc:1    | Entered Level 1 of the Orcish Mines
 20053 | Orc:1    | Noticed Harold
 20067 | Orc:1    | Killed Harold
 20093 | Orc:1    | Noticed an orc warlord
 20330 | Orc:1    | Gained mutation: You are frail. (-10% HP) [a cacodemon]
 20351 | Orc:1    | Gained mutation: Armour fits poorly on your strangely
                  | shaped body. [a cacodemon]
 20356 | Orc:1    | Gained mutation: Scrolls take you a little longer to read.
                  | [a cacodemon]
 20356 | Orc:1    | Noticed an orc warlord
 20361 | Orc:1    | Noticed Erolcha
 20366 | Orc:1    | Killed Erolcha
 20373 | Orc:1    | Killed an orc warlord
 20404 | Orc:1    | You fall into a shaft and drop 1 floor!
 20404 | Orc:2    | Entered Level 2 of the Orcish Mines
 20427 | Orc:2    | Found a staircase to the Elven Halls.
 20471 | Orc:2    | Noticed Maurice
 20480 | Orc:2    | Killed Maurice
 20486 | Orc:2    | Noticed an orc warlord
 20494 | Orc:2    | HP: 4/103 [orc warrior/+0 trident (21)]
 20495 | Orc:2    | Slain by an orc knight

Levels and vault maps discovered:
D:1:      dpeg_arrival_refuge, layout_basic, minivault_24,
          kennysheep_pointless_box
D:2:      layout_basic, nicolae_overflow_hidden_temple, old_standard_altar
D:3:      layout_rooms, marbit_many_paths, first_ration, uniq_ijyb
D:4:      layout_rooms, grunt_temple_overflow_opulence, minivault_27,
          led_xom_imps, uniq_blork_the_orc
D:5:      layout_loops_ring, uniq_prince_ribbit1, uniq_sigmund
D:6:      layout_gridville, overflow_temple_1_default, minmay_temple_entry_hall,
          serial_shops, shop, kennysheep_cluttered_room, kennysheep_path_1,
          kennysheep_generic_room_9, uniq_crazy_yiuf_cottage, uniq_edmund,
          uniq_menkaure
D:7:      layout_rooms, zin_angel, uniq_joseph
D:8:      hangedman_cross_veins, layout_basic
D:9:      layout_stronghold, serial_shops, shop,
          nicolae_shop_temple_entry_statues_fountains, basic_altar
D:10:     layout_basic, minmay_lair_entry_grove, enter_trove_1, uniq_erica
D:11:     layout_roguey [special_room_bee], minmay_orc_entry_guard_dogs
D:12:     layout_stronghold, portal_ice_cave_entry_ice_beasts, uniq_azrael
D:13:     layout_rooms, serial_shops, shop
D:14:     layout_irregular_city, grunt_vaults_entry_fortified
D:15:     grunt_enter_depths_magical_seal, layout_loops_ring, serial_ice,
          serial_ice_b, serial_ice_i, serial_ice_d, serial_ice_n, serial_ice_f,
          serial_ice_g, hangedman_decor_growths, hangedman_decor_slide_cut,
          uniq_louise
Temple:   nicolae_temple_figure_eight
Lair:1:   layout_layer_cave
Lair:2:   layout_concentric_octagons, spider_nest_entry_webs,
          gauntlet_entry_generic, gammafunk_ghost_ooze, worms_lemuel,
          lemuel_fruit_fields
Lair:3:   layout_cave_pods, hangedman_lair_generics_rect
Lair:4:   layout_regular_city, elwin_shoals_entry_rooms, grunt_megastairs_1,
          lemuel_fruit_fields, infiniplex_staircase_pool_2, uniq_snorg
Lair:5:   layout_regular_city, nicolae_slime_entry_slimehenge,
          serial_bayou_pond_b
Lair:6:   minmay_lair_end_enchanted_forest, layout_loops_ring,
          chequers_serial_rivers_micro_a, infiniplex_staircase_pool
Orc:1:    layout_caves, uniq_erolcha, uniq_harold
Orc:2:    grunt_orc_gardens, layout_caves, grunt_orc_garden, grunt_orc_garden,
          grunt_orc_garden, grunt_orc_garden, basic_altar, uniq_sonja,
          uniq_maurice

Skill      XL: |  1  2  3  4  5  6  7  8  9 10 11 12 13 14 15 |
---------------+----------------------------------------------+-----
Shields        | 3 4 5 6 |  6.4
Axes           | 2 3 4 5 7 8 10 12 13 15 16 17 18 | 18.5
Armour         | 3 4 5 6 7 8 9 |  9.2
Fighting       | 4 5 6 7 8 9 10 | 10.1
Dodging        | 1 2 3 |  3.5
Evocations     | 1 2 3 |  3.4
Invocations    | 2 5 7 9 10 11 | 11.4
Stealth        | 1 |  1.8
Polearms       | 1 4 5 |  5.7

Action                   |  1- 3 |  4- 6 |  7- 9 | 10-12 | 13-15 || total
-------------------------+-------+-------+-------+-------+-------++-------
Melee: War axe           |   124 |   132 |   262 |   351 |       ||   869
       Executioner's axe |       |       |       |    75 |   725 ||   800
Invok: Lesser Servant of |       |       |       |     2 |     1 ||     3
       Greater Servant o |       |       |       |       |     5 ||     5
 Abil: Evoke Flight      |       |       |       |       |     2 ||     2
Evoke: Wand              |       |       |     3 |    30 |    29 ||    62
       Sack of spiders   |       |       |       |       |     4 ||     4
  Use: Scroll            |       |       |     2 |     8 |    13 ||    23
       Potion            |       |       |     1 |     1 |     3 ||     5
 Stab: Distracted        |       |       |       |     1 |     1 ||     2
  Eat: Chunk             |       |     5 |    12 |    15 |    25 ||    57
       Ration            |       |       |       |     3 |     1 ||     4
Armor: Scale mail        |    57 |     8 |       |       |       ||    65
       Chain mail        |       |    61 |   154 |   177 |   518 ||   910
Dodge: Dodged            |    45 |    26 |    54 |   127 |   497 ||   749
Block: Shield            |    66 |    57 |   119 |   165 |       ||   407
